 Dungeon Crawl Stone Soup version 0.23.2-30-g0e89c35649 (webtiles) character file.

Game seed: 14428364178375183666

781 barboon the Chopper (level 7, -17/61 HPs)
             Began as a Minotaur Fighter on June 24, 2019.
             Was an Initiate of Yredelemnul.
             Killed from afar by a wretched star (22 damage)
             ... with an orb of energy
             ... on level 1 of the Abyss.
             The game lasted 00:27:28 (4320 turns).

barboon the Chopper (Minotaur Fighter)              Turns: 4320, Time: 00:27:28

Health: -17/61     AC:  7    Str: 22    XL:     7   Next: 55%
Magic:  6/6        EV: 19    Int:  1    God:    Yredelemnul [......]
Gold:   210        SH:  9    Dex:  6    Spells: 6/6 levels left

rFire    . . .     SeeInvis .   a - +1 war axe
rCold    . . .     Gourm    .   c - +0 shield
rNeg     + . .     Faith    .   j - +0 plate armour
rPois    .         Spirit   .   (helmet restricted)
rElec    .         Reflect  .   (no cloak)
rCorr    .         Harm     .   (no gloves)
MR       .....                  (no boots)
Stlth    ..........             n - amulet of the acrobat
HPRegen  0.20/turn              z - ring of positive energy
MPRegen  0.10/turn              (no ring)

@: acrobat, very slow
A: retaliatory headbutt, horns 2, [blurry vision 2], [clumsy 2], [deformed
body], [dopey 2]
a: Renounce Religion


You were on level 1 of the Abyss.
You worshipped Yredelemnul.
Yredelemnul was noncommittal.
You were not hungry.

You visited 1 branch of the dungeon, and saw 5 of its levels.
You visited the Abyss 1 time.

You collected 210 gold pieces.

Inventory:

Hand Weapons
 a - a +1 war axe (weapon)
 e - a +0 dagger
 m - a +0 dagger
 o - a +0 short sword
 q - a +0 club
 u - a +0 club
 w - a +5 dagger
 y - a +0 club
 A - a +0 club
 B - a +0 dagger
 D - a +0 dagger
 F - a +0 dagger
 L - a +0 mace
 S - a cursed +5 dire flail
Missiles
 x - 57 sling bullets (quivered)
 W - 13 bolts
Armour
 b - a +0 scale mail
 c - a +0 shield (worn)
 h - a +0 robe
 j - a +0 plate armour (worn)
 v - a +0 robe
 C - a +0 leather armour
 E - a +0 robe
 I - a +0 leather armour
 M - a +0 leather armour
 N - a +0 robe
 Q - a +0 robe
 R - a +0 robe
Jewellery
 n - an amulet of the acrobat (around neck)
 z - a ring of positive energy (left hand)
 T - a +3 ring of intelligence {unknown}
 V - an uncursed ring of resist corrosion {unknown}
Scrolls
 p - 2 scrolls of fog
 r - 2 scrolls of remove curse
 G - 2 scrolls of immolation
 H - a scroll of teleportation
Potions
 d - a potion of might
 g - a potion of berserk rage
 i - a potion of agility
 k - 2 potions of curing
 l - a potion of haste {unknown}
 s - a potion of ambrosia {unknown}
 t - 2 potions of heal wounds {unknown}
 K - a potion of magic {unknown}
 O - a potion of invisibility {unknown}
 P - a potion of brilliance {unknown}
 U - a potion of cancellation {unknown}
Comestibles
 f - 6 rations


   Skills:
 + Level 5.4 Fighting
 + Level 7.7 Axes
 + Level 4.9 Armour
 + Level 1.7 Dodging
 + Level 1.3 Stealth
 + Level 4.7 Shields


You had 6 spell levels left.
You didn't know any spells.
Your spell library was empty.

Dungeon Overview and Level Annotations

Branches:
Dungeon (5/15)
 Temple: D:4-7

Altars:
Yredelemnul

Annotations:
D:5 Edmund


Innate Abilities, Weirdness & Mutations

You reflexively headbutt those who attack you in melee.
You have a pair of horns on your head.
[Scrolls take you longer to read.]
[You are very clumsy. (Dex -4)]
[Armour fits poorly on your strangely shaped body.]
[You are very dopey. (Int -4)]


Message History

You block the large abomination's attack.
The wretched star pulses with an eldritch light!
You feel stupid. x2
Your unstable footing causes you to fumble your attack.
You block the large abomination's attack.
You slash the large abomination!
The large abomination is almost destroyed.
The large abomination hits you.
* * * LOW HITPOINT WARNING * * *
You slash the large abomination!
You destroy the large abomination!
Yredelemnul accepts your kill.
The wretched star pulses with an eldritch light!
Your vision blurs. x2; You feel clumsy. x2
The wretched star pulses with an eldritch light!
Your body twists and deforms.
The wretched star glows turbulently.
The orb of energy hits you!!
You die...
Your body rises from the dead as a mindless zombie.

≈≈.#.....#.
≈≈≈≈......
≈≈≈≈≈≈.... ..
≈♣≈≈≈≈... ...
≈≈≈≈≈♣≈.. ....
≈≈≈≈≈≈≈.###...##
≈≈≈≈≈≈≈..#.....#
≈≈≈≈≈≈≈@.........
≈≈≈≈≈≈≈≈*........
.≈♣≈≈≈≈≈≈≈.......
...≈♣≈≈≈≈≈≈≈...#.
#.. #≈≈≈≈≈≈≈≈≈...
.....#..≈♣≈≈≈≈≈≈
.........≈≈≈≈≈≈≈≈
...........≈≈≈≈≈≈
............≈≈≈≈≈≈


You could see a wretched star.

Vanquished Creatures
  A large abomination (Abyss:1)
  A water moccasin zombie (D:5)
  A scorpion (D:4)
  3 wights (D:5)
  2 howler monkeys
  A crimson imp (D:5)
  A bullfrog zombie (D:5)
  A hound (D:4)
  An orc priest (D:4)
  2 orc wizards
  A worker ant (D:4)
  3 adders
  2 oozes
  4 worms
  4 dart slugs
  3 leopard geckos
  7 orcs
  3 ball pythons
  2 giant cockroaches (D:3)
  2 gnoll zombies (D:3)
  6 goblins
  5 hobgoblins
  5 jackals
  A quokka (D:3)
  5 bats
  3 frilled lizards
  8 kobolds
  6 rats
84 creatures vanquished.

Notes
Turn   | Place    | Note
-------+----------+-------------------------------------------
     0 | D:1      | barboon the Minotaur Fighter began the quest for the Orb.
     0 | D:1      | Reached XP level 1. HP: 19/19 MP: 0/0
   214 | D:1      | Reached XP level 2. HP: 27/27 MP: 1/1
  1174 | D:2      | Reached XP level 3. HP: 33/33 MP: 2/2
  1241 | D:2      | Reached skill level 3 in Axes
  2127 | D:3      | Reached XP level 4. HP: 40/40 MP: 3/3
  2386 | D:3      | Reached skill level 4 in Axes
  2630 | D:3      | Found a basalt altar of Yredelemnul.
  3019 | D:3      | Became a worshipper of Yredelemnul the Dark
  3085 | D:4      | Reached XP level 5. HP: 47/47 MP: 4/4
  3245 | D:4      | Reached skill level 5 in Axes
  3464 | D:4      | Reached skill level 1 in Dodging
  3487 | D:4      | Reached XP level 6. HP: 53/53 MP: 5/5
  3857 | D:5      | Entered Level 5 of the Dungeon
  3863 | D:5      | Reached skill level 6 in Axes
  3865 | D:5      | Reached skill level 7 in Axes
  3868 | D:5      | Reached skill level 5 in Fighting
  3965 | D:5      | Reached XP level 7. HP: 60/61 MP: 6/6
  4061 | D:5      | Reached skill level 1 in Stealth
  4064 | D:5      | Found a basalt altar of Yredelemnul.
  4200 | D:5      | Noticed Edmund
  4210 | D:5      | Cast into level 1 of the Abyss (Edmund)
  4298 | Abyss:1  | Noticed a large abomination
  4313 | Abyss:1  | Noticed a wretched star
  4317 | Abyss:1  | Killed a large abomination
  4320 | Abyss:1  | Killed from afar by a wretched star

Skill      XL: |  1  2  3  4  5  6  7 |
---------------+----------------------+-----
Fighting       | 4 5 |  5.4
Shields        | 4 |  4.7
Armour         | 4 |  4.9
Axes           | 3 4 5 7 |  7.7
Dodging        | 1 |  1.7
Stealth        | 1 |  1.3

Action                   |  1- 3 |  4- 6 |  7- 9 || total
-------------------------+-------+-------+-------++-------
Melee: War axe           |    95 |    92 |    40 ||   227
       Headbutt          |    18 |    11 |     8 ||    37
  Use: Scroll            |     7 |     5 |     1 ||    13
       Potion            |     1 |       |       ||     1
  Eat: Chunk             |     4 |     6 |     1 ||    11
       Ration            |       |       |     1 ||     1
Armor: Scale mail        |    29 |       |       ||    29
       Plate armour      |     7 |    35 |    13 ||    55
Dodge: Dodged            |    21 |    17 |     5 ||    43
Block: Shield            |    35 |    44 |    15 ||    94
